Montreal Canadiens vs Anaheim Ducks
Created - Sunday, October 22, 2023 at 07:25
Goals
|
| Montreal Canadiens |
1 |
0 |
0 |
1 |
| Anaheim Ducks |
0 |
1 |
2 |
3 |
|
Shots
|
| Montreal Canadiens |
13 |
6 |
12 |
31 |
| Anaheim Ducks |
5 |
11 |
16 |
32 |
|
1st period
1. Montreal Canadiens , Jamie Benn 12 (Sidney Crosby 32) at 0:04
Penalties :
Brayden Schenn (ANA) for Roughing (Minor) at 0:23, Tyler Myers (MTL) for Hooking (Minor) at 6:33
2nd period
2. Anaheim Ducks , Calle Jarnkrok 5 (Ivan Provorov 7, Mason Marchment 3) at 13:06
Penalties :
Damon Severson (MTL) for High sticking (Minor) at 5:26, Sidney Crosby (MTL) for Hooking (Minor) at 9:31
3rd period
3. Anaheim Ducks , John Tavares 17 (William Nylander 40, Esa Lindell 12) at 2:55 (PP)
4. Anaheim Ducks , Teuvo Teravainen 5 (Alex Killorn 11, Joshua Morrissey 11) at 19:25 (Empty Net)
Penalties :
Tyler Myers (MTL) for Slashing (Minor) at 2:04, Filip Hronek (MTL) for Diving (Minor) at 15:13
Goalie Stats
Jacob Markstrom (MTL), 29 saves from 31 shots - (0.935), L, 18-17-5, 59:06 minutes
Jack Campbell (ANA), 30 saves from 31 shots - (0.968), W, 6-4-0, 60:00 minutes
Players Stats for Montreal Canadiens
Player Name G A P +/- PIM S H SB GA TA FO MP PP MP PK MP
------------------------------------------------------------------------------------
Adam Fox 0 0 0 -1 0 1 0 2 0 3 0/0 27:33 1:06 4:29
Brady Skjei 0 0 0 0 0 3 1 2 1 0 0/0 22:38 0:53 4:48
Christian Fischer 0 0 0 0 0 0 2 0 0 1 3/8 15:09 0:00 3:51
Damon Severson 0 0 0 0 2 1 0 0 0 0 0/0 12:10 0:53 0:48
Dylan Larkin 0 0 0 -2 0 2 1 1 3 0 9/17 19:33 1:01 4:28
Evgeni Dadonov 0 0 0 0 0 0 0 0 0 0 0/0 7:39 0:00 0:28
Filip Forsberg 0 0 0 -1 0 3 1 0 1 1 0/1 14:05 0:58 0:00
Filip Hronek 0 0 0 -1 2 0 0 2 0 1 0/0 22:46 1:06 0:00
Jack Johnson 0 0 0 0 0 0 0 0 0 0 0/0 14:42 0:00 4:02
Jake Evans 0 0 0 0 0 0 1 1 0 0 1/2 10:31 0:00 3:51
Jamie Benn 1 0 1 0 0 2 3 1 0 0 0/0 22:28 1:01 3:58
Jonathan Marchessault 0 0 0 0 0 2 0 0 1 0 0/0 11:16 0:00 0:00
Martin Necas 0 0 0 -1 0 1 1 0 0 0 0/1 14:05 0:58 0:00
Patrik Laine 0 0 0 1 0 7 0 0 2 1 0/2 18:21 0:58 0:00
Sidney Crosby 0 1 1 0 2 6 5 0 1 0 16/28 18:43 1:01 0:00
Tyler Myers 0 0 0 0 4 1 0 0 1 0 0/0 20:22 0:00 3:27
Tyson Jost 0 0 0 0 0 2 1 1 0 0 0/1 11:16 0:00 0:00
Vladislav Namestnikov 0 0 0 0 0 0 2 0 0 0 1/2 7:51 0:00 0:58
Players Stats for Anaheim Ducks
Player Name G A P +/- PIM S H SB GA TA FO MP PP MP PK MP
------------------------------------------------------------------------------------
Alex Killorn 0 1 1 1 0 2 2 0 3 0 1/1 21:09 3:41 1:04
Brayden Schenn 0 0 0 0 2 1 1 0 0 1 0/1 14:27 4:12 0:00
Brenden Dillon 0 0 0 0 0 2 1 0 0 1 0/0 21:21 3:37 1:10
Calle Jarnkrok 1 0 1 1 0 3 0 0 1 0 0/0 7:15 0:00 0:00
Chandler Stephenson 0 0 0 1 0 1 2 0 1 1 9/18 21:12 3:41 1:04
Esa Lindell 0 1 1 1 0 0 0 2 0 0 0/0 24:45 3:37 1:10
Ivan Provorov 0 1 1 1 0 1 0 3 0 0 0/0 14:25 0:00 0:49
J.T. Compher 0 0 0 0 0 1 1 0 0 0 1/3 11:15 0:30 0:55
Jakob Chychrun 0 0 0 0 0 1 1 1 0 1 0/0 21:01 5:10 0:00
John Tavares 1 0 1 -1 0 3 1 0 1 1 19/33 20:17 4:35 0:00
Josh Manson 0 0 0 0 0 0 1 0 0 2 0/0 14:14 0:00 0:49
Joshua Morrissey 0 1 1 0 0 6 1 3 0 1 0/0 24:14 5:10 0:00
Mark Scheifele 0 0 0 -1 0 2 4 2 1 0 0/2 20:03 4:36 0:00
Mason Marchment 0 1 1 1 0 1 1 0 0 0 0/1 7:15 0:00 0:00
Max Domi 0 0 0 0 0 2 2 1 0 0 0/0 16:12 0:30 0:00
Nazem Kadri 0 0 0 1 0 0 1 0 0 0 2/3 7:15 0:00 0:00
Teuvo Teravainen 1 0 1 1 0 2 0 0 0 1 0/0 11:19 0:00 0:55
William Nylander 0 1 1 -1 0 4 0 1 0 1 0/0 20:21 4:36 0:00
3 Stars
1 - Jack Campbell (ANA)
2 - Teuvo Teravainen (ANA)
3 - Calle Jarnkrok (ANA)
Power Play
Montreal Canadiens - 0 on 1 Attempt(s) - 0.00%
Anaheim Ducks - 1 on 5 Attempt(s) - 20.00%
Penalty Kill
Montreal Canadiens - 4 on 5 Attempt(s) - 80.00%
- Score 0 goal in Penalty Kill
Anaheim Ducks - 1 on 1 Attempt(s) - 100.00%
- Score 0 goal in Penalty Kill
Team Stat
Montreal Canadiens - Hits : 18 - Faceoff Wins : 30 - Blocked Shots : 10 - Penalty Minutes : 10
Anaheim Ducks - Hits : 19 - Faceoff Wins : 32 - Blocked Shots : 13 - Penalty Minutes : 2
Official
Referees : Mike Leggo and Kendrick Nicholson
Linesman : Tim Nowak and Jonny Murray
Game Notes
Teuvo Teravainen has scored in a empty net!
Finance
Level 1 -- Attendance: 4618 (76.97%) -- Ticket Income $461,800
Level 2 -- Attendance: 3795 (75.90%) -- Ticket Income $227,700
Level 3 -- Attendance: 1890 (63.00%) -- Ticket Income $86,940
Level 4 -- Attendance: 4049 (80.98%) -- Ticket Income $101,225
Luxury Box -- Attendance: 723 (72.30%) -- Ticket Income $144,600
Game was played at the Honda Center.
Total Attendance: 15075 (75.38%)
Total Ticket Income: $1,022,265
Other Income: $357,793
Total Income: $1,380,058
Montreal Canadiens
5 vs 5 Forward
Center Left Wing Right Wing Time % Phy DF OF
1 Sidney Crosby Jamie Benn Patrik Laine 39 1 2 2
2 Dylan Larkin Martin Necas Filip Forsberg 30 1 2 2
3 Christian Fischer Jonathan Marchessault Tyson Jost 20 1 2 2
4 Vladislav Namestnikov Evgeni Dadonov Jake Evans 11 1 2 2
5 vs 5 Defense
Defense Defense Time % Phy DF OF
1 Adam Fox Filip Hronek 37 1 2 2
2 Brady Skjei Tyler Myers 30 1 2 2
3 Damon Severson Jack Johnson 18 1 4 0
4 Adam Fox Filip Hronek 15 1 2 2
PowerPlay Forward
Center Left Wing Right Wing Time % Phy DF OF
1 Sidney Crosby Dylan Larkin Jamie Benn 65 0 1 4
2 Martin Necas Patrik Laine Filip Forsberg 35 0 1 4
PowerPlay Defense
Defense Defense Time % Phy DF OF
1 Adam Fox Filip Hronek 70 0 1 4
2 Brady Skjei Damon Severson 30 0 1 4
Penalty Kill 4 Players Forward
Center Wing Time % Phy DF OF
1 Dylan Larkin Jamie Benn 50 1 3 1
2 Jake Evans Christian Fischer 50 1 3 1
Penalty Kill 4 Players Defense
Defense Defense Time % Phy DF OF
1 Jack Johnson Adam Fox 50 1 3 1
2 Tyler Myers Brady Skjei 50 1 3 1
Penalty Kill - 3 Players Forward
Forward Time % Phy DF OF
1 Dylan Larkin 50 1 4 0
2 Jamie Benn 50 1 4 0
Penalty Kill - 3 Players Defense
Defense Defense Time % Phy DF OF
1 Jack Johnson Adam Fox 50 1 4 0
2 Filip Hronek Tyler Myers 50 1 4 0
4 vs 4 Forward
Center Wing Time % Phy DF OF
1 Sidney Crosby Jamie Benn 60 1 1 3
2 Dylan Larkin Martin Necas 40 1 1 3
4 vs 4 Defense
Defense Defense Time % Phy DF OF
1 Adam Fox Tyler Myers 55 1 2 2
2 Damon Severson Brady Skjei 45 1 2 2
Last Minutes Offensive
Center Left Wing Right Wing Defense Defense
Sidney Crosby Dylan Larkin Jamie Benn Adam Fox Filip Hronek
Last Minutes Defensive
Center Left Wing Right Wing Defense Defense
Sidney Crosby Dylan Larkin Jamie Benn Adam Fox Filip Hronek
Goaltenders
Starting : Jacob Markstrom
Backup : David Rittich
Extra Forwards
Normal : Patrik Laine, Sidney Crosby, Dylan Larkin - PP : Jamie Benn, Patrik Laine - PK : Vladislav Namestnikov
Extra Defensemen
Normal : Filip Hronek, Damon Severson, Adam Fox - PP : Filip Hronek - PK : Brady Skjei, Adam Fox
Penalty Shots
Filip Forsberg, Sidney Crosby, Dylan Larkin, Jamie Benn, Patrik Laine
Anaheim Ducks
5 vs 5 Forward
Center Left Wing Right Wing Time % Phy DF OF
1 John Tavares William Nylander Mark Scheifele 40 1 2 2
2 Chandler Stephenson Alex Killorn Max Domi 30 1 2 2
3 J.T. Compher Teuvo Teravainen Brayden Schenn 20 1 2 2
4 Nazem Kadri Mason Marchment Calle Jarnkrok 10 1 2 2
5 vs 5 Defense
Defense Defense Time % Phy DF OF
1 Esa Lindell Joshua Morrissey 40 1 2 2
2 Brenden Dillon Jakob Chychrun 35 1 2 2
3 Ivan Provorov Josh Manson 25 1 2 2
4 Esa Lindell Ivan Provorov 0 1 2 2
PowerPlay Forward
Center Left Wing Right Wing Time % Phy DF OF
1 John Tavares Mark Scheifele William Nylander 60 1 1 3
2 Chandler Stephenson Alex Killorn Brayden Schenn 40 1 1 3
PowerPlay Defense
Defense Defense Time % Phy DF OF
1 Joshua Morrissey Jakob Chychrun 55 1 2 2
2 Esa Lindell Brenden Dillon 45 1 2 2
Penalty Kill 4 Players Forward
Center Wing Time % Phy DF OF
1 Chandler Stephenson Alex Killorn 55 1 3 1
2 J.T. Compher Teuvo Teravainen 45 1 3 1
Penalty Kill 4 Players Defense
Defense Defense Time % Phy DF OF
1 Esa Lindell Brenden Dillon 50 1 3 1
2 Ivan Provorov Josh Manson 50 1 3 1
Penalty Kill - 3 Players Forward
Forward Time % Phy DF OF
1 Alex Killorn 50 1 3 1
2 J.T. Compher 50 1 3 1
Penalty Kill - 3 Players Defense
Defense Defense Time % Phy DF OF
1 Esa Lindell Brenden Dillon 50 1 3 1
2 Ivan Provorov Josh Manson 50 1 3 1
4 vs 4 Forward
Center Wing Time % Phy DF OF
1 John Tavares William Nylander 50 1 2 2
2 Max Domi Mark Scheifele 50 1 2 2
4 vs 4 Defense
Defense Defense Time % Phy DF OF
1 Esa Lindell Josh Manson 50 1 2 2
2 Brenden Dillon Joshua Morrissey 50 1 2 2
Last Minutes Offensive
Center Left Wing Right Wing Defense Defense
John Tavares William Nylander Mark Scheifele Joshua Morrissey Jakob Chychrun
Last Minutes Defensive
Center Left Wing Right Wing Defense Defense
Chandler Stephenson Alex Killorn Teuvo Teravainen Brenden Dillon Esa Lindell
Goaltenders
Starting : Jack Campbell
Backup : Linus Ullmark
Extra Forwards
Normal : William Nylander, John Tavares, Mark Scheifele - PP : William Nylander, Mark Scheifele - PK : Alex Killorn
Extra Defensemen
Normal : Josh Manson, Esa Lindell, Brenden Dillon - PP : Joshua Morrissey - PK : Esa Lindell, Josh Manson
Penalty Shots
William Nylander, Teuvo Teravainen, Mark Scheifele, Calle Jarnkrok, Alex Killorn
% Time on Ice - Montreal Canadiens
Lines # - Real PCT - Wanted PCT - Time Play
Normal Forward
1 - 36% - 39% - 17:26
2 - 27% - 30% - 13:21
3 - 23% - 20% - 11:16
4 - 14% - 11% - 6:38
Normal Defense
1 - 35% - 37% - 16:48
2 - 35% - 30% - 16:49
3 - 21% - 18% - 10:19
4 - 10% - 15% - 4:45
PP Forward
1 - 51% - 65% - 1:01
2 - 49% - 35% - 0:58
PP Defense
1 - 55% - 70% - 1:06
2 - 45% - 30% - 0:53
PK Forward
1 - 51% - 50% - 4:28
2 - 49% - 50% - 4:19
PK Defense
1 - 39% - 50% - 3:27
2 - 61% - 50% - 5:20
PK3 Forward
1 - 0% - 50%
2 - 0% - 50%
PK3 Defense
1 - 0% - 50%
2 - 0% - 50%
44 Forward
1 - 0% - 60%
2 - 0% - 40%
44 Defense
1 - 0% - 55%
2 - 0% - 45%
Last Minute Offensive - 0:33
Last Minute Defensive - 0:00
Total
Forward - 60:00
Defense - 60:00
|
% Time on Ice - Anaheim Ducks
Lines # - Real PCT - Wanted PCT - Time Play
Normal Forward
1 - 32% - 40% - 15:45
2 - 33% - 30% - 15:50
3 - 20% - 20% - 9:50
4 - 15% - 10% - 7:15
Normal Defense
1 - 39% - 40% - 18:48
2 - 33% - 35% - 16:16
3 - 28% - 25% - 13:25
4 - 0% - 0% - 0:11
PP Forward
1 - 54% - 60% - 4:44
2 - 46% - 40% - 4:03
PP Defense
1 - 59% - 55% - 5:10
2 - 41% - 45% - 3:37
PK Forward
1 - 54% - 55% - 1:04
2 - 46% - 45% - 0:55
PK Defense
1 - 59% - 50% - 1:10
2 - 41% - 50% - 0:49
PK3 Forward
1 - 0% - 50%
2 - 0% - 50%
PK3 Defense
1 - 0% - 50%
2 - 0% - 50%
44 Forward
1 - 0% - 50%
2 - 0% - 50%
44 Defense
1 - 0% - 50%
2 - 0% - 50%
Last Minute Offensive - 0:00
Last Minute Defensive - 0:34
Total
Forward - 60:00
Defense - 60:00
|
Play-by-Play
1st period
0:01 of 1st period - Sidney Crosby wins face-off versus John Tavares in neutral zone.
0:04 of 1st period - Slapshot by Jamie Benn.
0:04 of 1st period - Goal by Jamie Benn - Montreal Canadiens : 1 - Anaheim Ducks : 0.
0:05 of 1st period - Chandler Stephenson wins face-off versus Filip Forsberg in neutral zone.
0:18 of 1st period - Wrist shot by Filip Forsberg.
0:18 of 1st period - Shot Misses the Net.
0:20 of 1st period - Snap shot by Martin Necas.
0:20 of 1st period - Stopped by Jack Campbell without a rebound.
0:21 of 1st period - J.T. Compher wins face-off versus Christian Fischer in Anaheim Ducks zone.
0:23 of 1st period - Minor Penalty to Brayden Schenn for Roughing.
0:24 of 1st period - Sidney Crosby wins face-off versus Chandler Stephenson in Anaheim Ducks zone.
0:38 of 1st period - Brenden Dillon is hit by Sidney Crosby and loses puck.
2:23 of 1st period - Penalty to Brayden Schenn is over, Brayden Schenn is back on ice.
2:28 of 1st period - Snap shot by Christian Fischer.
2:28 of 1st period - Shot Misses the Net.
2:40 of 1st period - Snap shot by Alex Killorn.
2:40 of 1st period - Stopped by Jacob Markstrom without a rebound.
2:41 of 1st period - Vladislav Namestnikov wins face-off versus John Tavares in Montreal Canadiens zone.
2:48 of 1st period - Wrist shot by Evgeni Dadonov.
2:48 of 1st period - Shot Blocked by Ivan Provorov.
3:06 of 1st period - Tyson Jost is hit by Josh Manson.
3:27 of 1st period - Patrik Laine is hit by Joshua Morrissey and loses puck.
4:26 of 1st period - Wrist shot by Jonathan Marchessault.
4:26 of 1st period - Shot Blocked by Max Domi.
4:54 of 1st period - Snap shot by Brayden Schenn.
4:54 of 1st period - Shot Misses the Net.
5:15 of 1st period - Off-side.
5:16 of 1st period - Sidney Crosby wins face-off versus Chandler Stephenson in neutral zone.
5:23 of 1st period - Wrist shot by Patrik Laine.
5:23 of 1st period - Stopped by Jack Campbell without a rebound.
5:24 of 1st period - Chandler Stephenson wins face-off versus Sidney Crosby in Anaheim Ducks zone.
5:29 of 1st period - Snap shot by Sidney Crosby.
5:29 of 1st period - Shot Misses the Net.
5:31 of 1st period - Snap shot by Brady Skjei.
5:31 of 1st period - Stopped by Jack Campbell with a rebound.
5:51 of 1st period - Snap shot by Chandler Stephenson.
5:51 of 1st period - Shot Misses the Net.
5:53 of 1st period - Wrist shot by Josh Manson.
5:53 of 1st period - Shot Misses the Net.
6:01 of 1st period - Slapshot by Patrik Laine.
6:01 of 1st period - Deflect By Sidney Crosby.
6:01 of 1st period - Stopped by Jack Campbell with a rebound.
6:03 of 1st period - Slapshot by Brady Skjei.
6:03 of 1st period - Stopped by Jack Campbell with a rebound.
6:33 of 1st period - Minor Penalty to Tyler Myers for Hooking.
6:34 of 1st period - Jake Evans wins face-off versus John Tavares in Montreal Canadiens zone.
8:33 of 1st period - Penalty to Tyler Myers is over, Tyler Myers is back on ice.
8:41 of 1st period - Icing by Esa Lindell.
8:42 of 1st period - Sidney Crosby wins face-off versus Mason Marchment in Anaheim Ducks zone.
9:52 of 1st period - Snap shot by Patrik Laine.
9:52 of 1st period - Stopped by Jack Campbell without a rebound.
9:53 of 1st period - John Tavares wins face-off versus Patrik Laine in Anaheim Ducks zone.
10:02 of 1st period - Patrik Laine is hit by John Tavares and loses puck.
10:19 of 1st period - Wrist shot by Patrik Laine.
10:19 of 1st period - Stopped by Jack Campbell with a rebound.
10:58 of 1st period - Snap shot by Brayden Schenn.
10:58 of 1st period - Stopped by Jacob Markstrom with a rebound.
11:00 of 1st period - Snap shot by Teuvo Teravainen.
11:00 of 1st period - Shot Misses the Net.
11:02 of 1st period - Slapshot by Brenden Dillon.
11:02 of 1st period - Stopped by Jacob Markstrom with a rebound.
11:04 of 1st period - Wrist shot by Brenden Dillon.
11:04 of 1st period - Deflect By Adam Fox.
11:04 of 1st period - Stopped by Jacob Markstrom with a rebound.
11:06 of 1st period - Snap shot by Brayden Schenn.
11:06 of 1st period - Shot Misses the Net.
11:26 of 1st period - Snap shot by Patrik Laine.
11:26 of 1st period - Stopped by Jack Campbell with a rebound.
11:41 of 1st period - J.T. Compher is hit by Jamie Benn and loses puck.
11:58 of 1st period - Brayden Schenn is hit by Jamie Benn and loses puck.
12:47 of 1st period - Wrist shot by Sidney Crosby.
12:47 of 1st period - Stopped by Jack Campbell without a rebound.
12:48 of 1st period - Dylan Larkin wins face-off versus Mark Scheifele in Anaheim Ducks zone.
12:55 of 1st period - Snap shot by Filip Forsberg.
12:55 of 1st period - Stopped by Jack Campbell without a rebound.
12:56 of 1st period - Dylan Larkin wins face-off versus John Tavares in Anaheim Ducks zone.
13:07 of 1st period - Wrist shot by Filip Forsberg.
13:07 of 1st period - Stopped by Jack Campbell with a rebound.
13:15 of 1st period - Snap shot by Dylan Larkin.
13:15 of 1st period - Shot Misses the Net.
13:36 of 1st period - Snap shot by Dylan Larkin.
13:36 of 1st period - Deflect By Martin Necas.
13:36 of 1st period - Shot Blocked by Esa Lindell.
13:36 of 1st period - Puck is out of play.
13:37 of 1st period - Chandler Stephenson wins face-off versus Tyson Jost in Anaheim Ducks zone.
13:50 of 1st period - Ivan Provorov is hit by Christian Fischer and loses puck.
14:03 of 1st period - Ivan Provorov is hit by Vladislav Namestnikov and loses puck.
15:29 of 1st period - Ivan Provorov is hit by Filip Forsberg and loses puck.
18:58 of 1st period - Wrist shot by Mason Marchment.
18:58 of 1st period - Deflect By Calle Jarnkrok.
18:58 of 1st period - Shot Misses the Net.
18:58 of 1st period - Puck is out of play.
18:59 of 1st period - Nazem Kadri wins face-off versus Sidney Crosby in Montreal Canadiens zone.
19:24 of 1st period - John Tavares is hit by Martin Necas and loses puck.
19:33 of 1st period - Wrist shot by Dylan Larkin.
19:33 of 1st period - Shot Blocked by Jakob Chychrun.
19:35 of 1st period - Slapshot by Tyler Myers.
19:35 of 1st period - Stopped by Jack Campbell without a rebound.
19:36 of 1st period - Chandler Stephenson wins face-off versus Christian Fischer in Anaheim Ducks zone.
19:43 of 1st period - Snap shot by Alex Killorn.
19:43 of 1st period - Stopped by Jacob Markstrom without a rebound.
19:44 of 1st period - Christian Fischer wins face-off versus Chandler Stephenson in Montreal Canadiens zone.
19:55 of 1st period - Wrist shot by Alex Killorn.
19:55 of 1st period - Shot Blocked by Adam Fox.
Goals for this period are 1 for Montreal Canadiens vs 0 for Anaheim Ducks.
Shots for this period are 13 for Montreal Canadiens vs 5 for Anaheim Ducks.
2nd period
0:01 of 2nd period - Dylan Larkin wins face-off versus John Tavares in neutral zone.
0:26 of 2nd period - Sidney Crosby is hit by Max Domi and loses puck.
0:34 of 2nd period - Icing by Adam Fox.
0:35 of 2nd period - Sidney Crosby wins face-off versus John Tavares in Montreal Canadiens zone.
0:43 of 2nd period - Icing by Filip Hronek.
0:44 of 2nd period - Sidney Crosby wins face-off versus John Tavares in Montreal Canadiens zone.
1:05 of 2nd period - Wrist shot by Mark Scheifele.
1:05 of 2nd period - Stopped by Jacob Markstrom without a rebound.
1:06 of 2nd period - Dylan Larkin wins face-off versus Chandler Stephenson in Montreal Canadiens zone.
1:06 of 2nd period - Dylan Larkin is hit by Chandler Stephenson.
1:15 of 2nd period - Off-side.
1:16 of 2nd period - Chandler Stephenson wins face-off versus Dylan Larkin in neutral zone.
1:31 of 2nd period - Wrist shot by Chandler Stephenson.
1:31 of 2nd period - Shot Blocked by Brady Skjei.
1:33 of 2nd period - Snap shot by Max Domi.
1:33 of 2nd period - Stopped by Jacob Markstrom without a rebound.
1:34 of 2nd period - John Tavares wins face-off versus Sidney Crosby in Montreal Canadiens zone.
1:47 of 2nd period - Snap shot by Sidney Crosby.
1:47 of 2nd period - Deflect By Jamie Benn.
1:47 of 2nd period - Shot Blocked by Esa Lindell.
1:47 of 2nd period - Puck is out of play.
1:48 of 2nd period - Dylan Larkin wins face-off versus John Tavares in Anaheim Ducks zone.
2:03 of 2nd period - Snap shot by Filip Forsberg.
2:03 of 2nd period - Stopped by Jack Campbell with a rebound.
2:05 of 2nd period - Slapshot by Adam Fox.
2:05 of 2nd period - Shot Blocked by Mark Scheifele.
3:11 of 2nd period - Wrist shot by William Nylander.
3:11 of 2nd period - Stopped by Jacob Markstrom with a rebound.
3:58 of 2nd period - Josh Manson is hit by Sidney Crosby and loses puck.
4:10 of 2nd period - Icing by Brady Skjei.
4:11 of 2nd period - Christian Fischer wins face-off versus John Tavares in Montreal Canadiens zone.
4:11 of 2nd period - Christian Fischer is hit by Mark Scheifele.
4:14 of 2nd period - Icing by Jonathan Marchessault.
4:15 of 2nd period - John Tavares wins face-off versus Christian Fischer in Montreal Canadiens zone.
4:28 of 2nd period - Wrist shot by Tyson Jost.
4:28 of 2nd period - Deflect By Christian Fischer.
4:28 of 2nd period - Shot Blocked by Ivan Provorov.
4:28 of 2nd period - Puck is out of play.
4:29 of 2nd period - John Tavares wins face-off versus Martin Necas in Anaheim Ducks zone.
4:42 of 2nd period - Snap shot by William Nylander.
4:42 of 2nd period - Shot Misses the Net.
4:44 of 2nd period - Snap shot by Esa Lindell.
4:44 of 2nd period - Shot Blocked by Dylan Larkin.
4:56 of 2nd period - Esa Lindell is hit by Sidney Crosby and loses puck.
5:26 of 2nd period - Minor Penalty to Damon Severson for High sticking.
5:27 of 2nd period - John Tavares wins face-off versus Dylan Larkin in Montreal Canadiens zone.
5:34 of 2nd period - Snap shot by William Nylander.
5:34 of 2nd period - Shot Blocked by Brady Skjei.
5:36 of 2nd period - Wrist shot by John Tavares.
5:36 of 2nd period - Stopped by Jacob Markstrom with a rebound.
5:54 of 2nd period - Jakob Chychrun is hit by Brady Skjei.
7:22 of 2nd period - Esa Lindell is hit by Vladislav Namestnikov and loses puck.
7:26 of 2nd period - Penalty to Damon Severson is over, Damon Severson is back on ice.
7:44 of 2nd period - Wrist shot by Calle Jarnkrok.
7:44 of 2nd period - Deflect By Mason Marchment.
7:44 of 2nd period - Deflect By Adam Fox.
7:44 of 2nd period - Shot Misses the Net.
7:44 of 2nd period - Puck is out of play.
7:45 of 2nd period - Sidney Crosby wins face-off versus Nazem Kadri in Montreal Canadiens zone.
8:16 of 2nd period - Brenden Dillon is hit by Tyson Jost and loses puck.
9:31 of 2nd period - Minor Penalty to Sidney Crosby for Hooking.
9:32 of 2nd period - Dylan Larkin wins face-off versus John Tavares in Montreal Canadiens zone.
9:41 of 2nd period - Snap shot by Joshua Morrissey.
9:41 of 2nd period - Stopped by Jacob Markstrom with a rebound.
10:47 of 2nd period - Icing by John Tavares.
10:48 of 2nd period - John Tavares wins face-off versus Dylan Larkin in Anaheim Ducks zone.
10:48 of 2nd period - John Tavares is hit by Dylan Larkin.
11:02 of 2nd period - Jake Evans is hit by Alex Killorn and loses puck.
11:19 of 2nd period - Tyler Myers is hit by Chandler Stephenson and loses puck.
11:31 of 2nd period - Penalty to Sidney Crosby is over, Sidney Crosby is back on ice.
11:48 of 2nd period - Slapshot by Joshua Morrissey.
11:48 of 2nd period - Stopped by Jacob Markstrom with a rebound.
12:09 of 2nd period - Off-side.
12:10 of 2nd period - Chandler Stephenson wins face-off versus Christian Fischer in neutral zone.
12:45 of 2nd period - Filip Hronek is hit by Mark Scheifele and loses puck.
13:00 of 2nd period - Snap shot by Mason Marchment.
13:00 of 2nd period - Stopped by Jacob Markstrom with a rebound.
13:02 of 2nd period - Snap shot by Calle Jarnkrok.
13:02 of 2nd period - Stopped by Jacob Markstrom with a rebound.
13:04 of 2nd period - Slapshot by Ivan Provorov.
13:04 of 2nd period - Shot Blocked by Filip Hronek.
13:06 of 2nd period - Slapshot by Calle Jarnkrok.
13:06 of 2nd period - Goal by Calle Jarnkrok - Montreal Canadiens : 1 - Anaheim Ducks : 1.
13:07 of 2nd period - Sidney Crosby wins face-off versus John Tavares in neutral zone.
13:12 of 2nd period - Wrist shot by Jamie Benn.
13:12 of 2nd period - Shot Misses the Net.
13:14 of 2nd period - Wrist shot by Sidney Crosby.
13:14 of 2nd period - Stopped by Jack Campbell with a rebound.
13:16 of 2nd period - Wrist shot by Sidney Crosby.
13:16 of 2nd period - Shot Blocked by William Nylander.
13:18 of 2nd period - Slapshot by Brady Skjei.
13:18 of 2nd period - Stopped by Jack Campbell with a rebound.
13:20 of 2nd period - Wrist shot by Patrik Laine.
13:20 of 2nd period - Shot Blocked by Joshua Morrissey.
13:22 of 2nd period - Backhand shot by Jamie Benn.
13:22 of 2nd period - Stopped by Jack Campbell with a rebound.
13:24 of 2nd period - Slapshot by Sidney Crosby.
13:24 of 2nd period - Stopped by Jack Campbell without a rebound.
13:25 of 2nd period - Dylan Larkin wins face-off versus Chandler Stephenson in Anaheim Ducks zone.
13:52 of 2nd period - William Nylander is hit by Sidney Crosby and loses puck.
14:20 of 2nd period - Snap shot by Teuvo Teravainen.
14:20 of 2nd period - Shot Hit the Post.
14:22 of 2nd period - Slapshot by Ivan Provorov.
14:22 of 2nd period - Stopped by Jacob Markstrom without a rebound.
14:23 of 2nd period - Dylan Larkin wins face-off versus Chandler Stephenson in Montreal Canadiens zone.
14:58 of 2nd period - Wrist shot by Brady Skjei.
14:58 of 2nd period - Shot Blocked by Joshua Morrissey.
15:02 of 2nd period - Wrist shot by Sidney Crosby.
15:02 of 2nd period - Shot Misses the Net.
16:07 of 2nd period - Off-side.
16:08 of 2nd period - John Tavares wins face-off versus Sidney Crosby in neutral zone.
16:11 of 2nd period - Slapshot by Mark Scheifele.
16:11 of 2nd period - Stopped by Jacob Markstrom with a rebound.
17:17 of 2nd period - Chandler Stephenson is hit by Sidney Crosby and loses puck.
17:54 of 2nd period - Chandler Stephenson is hit by Jake Evans and loses puck.
18:36 of 2nd period - Tyler Myers is hit by Alex Killorn.
18:44 of 2nd period - Alex Killorn is hit by Christian Fischer and loses puck.
19:32 of 2nd period - Wrist shot by Tyson Jost.
19:32 of 2nd period - Stopped by Jack Campbell with a rebound.
Goals for this period are 0 for Montreal Canadiens vs 1 for Anaheim Ducks.
Shots for this period are 6 for Montreal Canadiens vs 11 for Anaheim Ducks.
3rd period
0:01 of 3rd period - John Tavares wins face-off versus Sidney Crosby in neutral zone.
0:52 of 3rd period - Jonathan Marchessault is hit by Max Domi and loses puck.
0:59 of 3rd period - Slapshot by Filip Hronek.
0:59 of 3rd period - Shot Misses the Net.
1:08 of 3rd period - Off-side.
1:09 of 3rd period - Sidney Crosby wins face-off versus John Tavares in neutral zone.
1:14 of 3rd period - Snap shot by Jamie Benn.
1:14 of 3rd period - Shot Blocked by Mark Scheifele.
1:16 of 3rd period - Snap shot by Sidney Crosby.
1:16 of 3rd period - Stopped by Jack Campbell with a rebound.
1:18 of 3rd period - Slapshot by Damon Severson.
1:18 of 3rd period - Stopped by Jack Campbell with a rebound.
1:20 of 3rd period - Snap shot by Patrik Laine.
1:20 of 3rd period - Shot Misses the Net.
1:44 of 3rd period - Slapshot by William Nylander.
1:44 of 3rd period - Stopped by Jacob Markstrom with a rebound.
2:04 of 3rd period - Minor Penalty to Tyler Myers for Slashing.
2:05 of 3rd period - Dylan Larkin wins face-off versus Chandler Stephenson in Montreal Canadiens zone.
2:13 of 3rd period - Slapshot by Jakob Chychrun.
2:13 of 3rd period - Shot Blocked by Jake Evans.
2:34 of 3rd period - Off-side.
2:35 of 3rd period - John Tavares wins face-off versus Dylan Larkin in neutral zone.
2:48 of 3rd period - Dylan Larkin is hit by Mark Scheifele and loses puck.
2:53 of 3rd period - Wrist shot by William Nylander.
2:53 of 3rd period - Shot Misses the Net.
2:55 of 3rd period - Wrist shot by William Nylander.
2:55 of 3rd period - Deflect By John Tavares.
2:55 of 3rd period - Goal by John Tavares - Montreal Canadiens : 1 - Anaheim Ducks : 2.
2:56 of 3rd period - John Tavares wins face-off versus Sidney Crosby in neutral zone.
3:06 of 3rd period - Wrist shot by Sidney Crosby.
3:06 of 3rd period - Stopped by Jack Campbell without a rebound.
3:07 of 3rd period - Sidney Crosby wins face-off versus Mark Scheifele in Anaheim Ducks zone.
4:12 of 3rd period - Off-side.
4:13 of 3rd period - John Tavares wins face-off versus Sidney Crosby in neutral zone.
4:16 of 3rd period - Patrik Laine is hit by Mark Scheifele and loses puck.
4:39 of 3rd period - Christian Fischer is hit by J.T. Compher and loses puck.
5:20 of 3rd period - Jamie Benn is hit by Nazem Kadri and loses puck.
5:33 of 3rd period - Slapshot by Joshua Morrissey.
5:33 of 3rd period - Stopped by Jacob Markstrom with a rebound.
5:53 of 3rd period - Slapshot by Teuvo Teravainen.
5:53 of 3rd period - Shot Blocked by Tyson Jost.
6:11 of 3rd period - Snap shot by Joshua Morrissey.
6:11 of 3rd period - Stopped by Jacob Markstrom without a rebound.
6:12 of 3rd period - Alex Killorn wins face-off versus Vladislav Namestnikov in Montreal Canadiens zone.
6:23 of 3rd period - Snap shot by Chandler Stephenson.
6:23 of 3rd period - Stopped by Jacob Markstrom without a rebound.
6:24 of 3rd period - John Tavares wins face-off versus Sidney Crosby in Montreal Canadiens zone.
6:57 of 3rd period - Damon Severson is hit by Jakob Chychrun and loses puck.
7:44 of 3rd period - Snap shot by Calle Jarnkrok.
7:44 of 3rd period - Stopped by Jacob Markstrom with a rebound.
7:46 of 3rd period - Slapshot by Joshua Morrissey.
7:46 of 3rd period - Stopped by Jacob Markstrom without a rebound.
7:47 of 3rd period - Sidney Crosby wins face-off versus John Tavares in Montreal Canadiens zone.
8:01 of 3rd period - Icing by John Tavares.
8:02 of 3rd period - John Tavares wins face-off versus Dylan Larkin in Anaheim Ducks zone.
8:19 of 3rd period - Snap shot by Dylan Larkin.
8:19 of 3rd period - Stopped by Jack Campbell without a rebound.
8:20 of 3rd period - Sidney Crosby wins face-off versus Chandler Stephenson in Anaheim Ducks zone.
8:25 of 3rd period - Backhand shot by Patrik Laine.
8:25 of 3rd period - Shot Misses the Net.
8:37 of 3rd period - Snap shot by Chandler Stephenson.
8:37 of 3rd period - Shot Misses the Net.
9:17 of 3rd period - Snap shot by Teuvo Teravainen.
9:17 of 3rd period - Stopped by Jacob Markstrom with a rebound.
9:19 of 3rd period - Snap shot by J.T. Compher.
9:19 of 3rd period - Stopped by Jacob Markstrom without a rebound.
9:20 of 3rd period - Chandler Stephenson wins face-off versus Patrik Laine in Montreal Canadiens zone.
9:21 of 3rd period - Wrist shot by Max Domi.
9:21 of 3rd period - Stopped by Jacob Markstrom with a rebound.
9:26 of 3rd period - Off-side.
9:27 of 3rd period - Chandler Stephenson wins face-off versus Sidney Crosby in neutral zone.
9:42 of 3rd period - Snap shot by Patrik Laine.
9:42 of 3rd period - Stopped by Jack Campbell with a rebound.
9:44 of 3rd period - Slapshot by Patrik Laine.
9:44 of 3rd period - Stopped by Jack Campbell without a rebound.
9:45 of 3rd period - John Tavares wins face-off versus Dylan Larkin in Anaheim Ducks zone.
10:01 of 3rd period - Off-side.
10:02 of 3rd period - Sidney Crosby wins face-off versus J.T. Compher in neutral zone.
10:52 of 3rd period - Icing by Alex Killorn.
10:53 of 3rd period - Chandler Stephenson wins face-off versus Christian Fischer in Anaheim Ducks zone.
11:02 of 3rd period - Wrist shot by Tyson Jost.
11:02 of 3rd period - Stopped by Jack Campbell with a rebound.
11:04 of 3rd period - Snap shot by Jonathan Marchessault.
11:04 of 3rd period - Stopped by Jack Campbell with a rebound.
12:09 of 3rd period - Adam Fox is hit by Mason Marchment and loses puck.
12:22 of 3rd period - Slapshot by Filip Hronek.
12:22 of 3rd period - Shot Misses the Net.
12:26 of 3rd period - Wrist shot by Jonathan Marchessault.
12:26 of 3rd period - Stopped by Jack Campbell with a rebound.
12:44 of 3rd period - Snap shot by Teuvo Teravainen.
12:44 of 3rd period - Shot Misses the Net.
12:52 of 3rd period - Snap shot by Teuvo Teravainen.
12:52 of 3rd period - Shot Blocked by Jamie Benn.
13:04 of 3rd period - Slapshot by John Tavares.
13:04 of 3rd period - Stopped by Jacob Markstrom without a rebound.
13:05 of 3rd period - John Tavares wins face-off versus Dylan Larkin in Montreal Canadiens zone.
13:20 of 3rd period - Wrist shot by John Tavares.
13:20 of 3rd period - Shot Misses the Net.
13:22 of 3rd period - Snap shot by William Nylander.
13:22 of 3rd period - Shot Misses the Net.
13:38 of 3rd period - Snap shot by Martin Necas.
13:38 of 3rd period - Shot Blocked by Ivan Provorov.
13:40 of 3rd period - Wrist shot by Jamie Benn.
13:40 of 3rd period - Shot Misses the Net.
13:42 of 3rd period - Slapshot by Patrik Laine.
13:42 of 3rd period - Stopped by Jack Campbell without a rebound.
13:43 of 3rd period - Sidney Crosby wins face-off versus John Tavares in Anaheim Ducks zone.
14:14 of 3rd period - Wrist shot by Dylan Larkin.
14:14 of 3rd period - Stopped by Jack Campbell with a rebound.
14:16 of 3rd period - Snap shot by Filip Forsberg.
14:16 of 3rd period - Shot Blocked by Joshua Morrissey.
14:18 of 3rd period - Slapshot by Tyler Myers.
14:18 of 3rd period - Shot Misses the Net.
14:33 of 3rd period - Icing by Max Domi.
14:34 of 3rd period - Christian Fischer wins face-off versus Brayden Schenn in Anaheim Ducks zone.
14:35 of 3rd period - Wrist shot by Adam Fox.
14:35 of 3rd period - Stopped by Jack Campbell with a rebound.
14:41 of 3rd period - Wrist shot by Teuvo Teravainen.
14:41 of 3rd period - Deflect By Brayden Schenn.
14:41 of 3rd period - Shot Misses the Net.
14:41 of 3rd period - Puck is out of play.
14:42 of 3rd period - John Tavares wins face-off versus Sidney Crosby in Montreal Canadiens zone.
14:51 of 3rd period - Slapshot by John Tavares.
14:51 of 3rd period - Shot Misses the Net.
14:53 of 3rd period - Snap shot by Jakob Chychrun.
14:53 of 3rd period - Stopped by Jacob Markstrom without a rebound.
14:54 of 3rd period - John Tavares wins face-off versus Sidney Crosby in Montreal Canadiens zone.
15:01 of 3rd period - Wrist shot by William Nylander.
15:01 of 3rd period - Stopped by Jacob Markstrom without a rebound.
15:02 of 3rd period - John Tavares wins face-off versus Sidney Crosby in Montreal Canadiens zone.
15:09 of 3rd period - Snap shot by William Nylander.
15:09 of 3rd period - Stopped by Jacob Markstrom without a rebound.
15:10 of 3rd period - Sidney Crosby wins face-off versus J.T. Compher in Montreal Canadiens zone.
15:10 of 3rd period - Sidney Crosby is hit by Brayden Schenn.
15:13 of 3rd period - Minor Penalty to Filip Hronek for Diving.
15:14 of 3rd period - John Tavares wins face-off versus Jake Evans in Montreal Canadiens zone.
15:44 of 3rd period - Slapshot by Joshua Morrissey.
15:44 of 3rd period - Shot Blocked by Adam Fox.
16:12 of 3rd period - Jake Evans is hit by Brenden Dillon.
17:13 of 3rd period - Penalty to Filip Hronek is over, Filip Hronek is back on ice.
17:21 of 3rd period - Off-side.
17:22 of 3rd period - Nazem Kadri wins face-off versus Dylan Larkin in neutral zone.
17:36 of 3rd period - Snap shot by Nazem Kadri.
17:36 of 3rd period - Shot Blocked by Filip Hronek.
18:23 of 3rd period - Snap shot by Joshua Morrissey.
18:23 of 3rd period - Stopped by Jacob Markstrom with a rebound.
18:31 of 3rd period - Montreal Canadiens, Jacob Markstrom is pulled from the net.
18:58 of 3rd period - Alex Killorn is hit by Jamie Benn and loses puck.
19:09 of 3rd period - Snap shot by Dylan Larkin.
19:09 of 3rd period - Shot Hit the Post.
19:11 of 3rd period - Slapshot by Jamie Benn.
19:11 of 3rd period - Shot Misses the Net.
19:25 of 3rd period - Wrist shot by Teuvo Teravainen.
19:25 of 3rd period - Goal by Teuvo Teravainen - Montreal Canadiens : 1 - Anaheim Ducks : 3.
19:25 of 3rd period - Jacob Markstrom from Montreal Canadiens was sent back in the game.
19:26 of 3rd period - Sidney Crosby wins face-off versus Chandler Stephenson in neutral zone.
Goals for this period are 0 for Montreal Canadiens vs 2 for Anaheim Ducks.
Shots for this period are 12 for Montreal Canadiens vs 16 for Anaheim Ducks.
Back to the Top